Description

This is if you want to win games early, and it works against MaxPax. Wrote this for myself to cheese with good luck have fun hope it helps.

VOD

https://www.youtube.com/watch?v=JYL2gRwOubk

Build Order

Get SALT Encoding   

  12  0:00  SCV  
  13  0:15  Supply Depot  
  13  0:18  SCV  Send 2 SCV out to proxy
  14  0:32  SCV  
  15  0:38  Barracks  
  15  0:51  Barracks  
  15  0:58  Supply Depot  First one in base for wall, second proxy
  15  1:10  Barracks  2 proxy racks 1 in base for wall
  15  1:16  SCV  Return scv to mineral line
  16  1:28  Marine  
  17  1:34  Orbital Command  Continuous marine production
  17  1:40  Marine  Continuous marine production
  19  1:58  Marine  
  21  2:00  SCV  Full marine production at all racks begins
  23  2:09  Supply Depot  Continue making scvs / mule
  31  2:32  Marine  Pull all the boys scv/marines to make push.
Spawning Tool Build Advisor. Get it on Overwolf

Analysis

He had 8 marines and 12 scvs hitting MaxPax natural at 3:02. You full commit, kill any shield batteries, solo pylons, or spine crawler/ queens you see, and win!

Go to:

Details

  • Created by: merculous
  • Published on: Dec 10, 2025
  • Modified on: Dec 11, 2025
  • Patch: 5.0.11
  • Difficulty: Medium
Show
View Real Time Build Order
Export as new Build Order

Comments (0)

There are no comments. Be the first!

Create an account to comment!